 Dungeon Crawl Stone Soup version 0.20-a0-993-gba41c3c (webtiles) character file.

206536 kuniqs the Peltast (level 19, -15/172 HPs)
             Began as a Formicid Fighter on Apr 12, 2017.
             Was the Champion of Okawaru.
             Killed from afar by a thorn hunter (35 damage)
             ... with a volley of thorns
             ... on level 4 of the Swamp.
             The game lasted 01:14:55 (29231 turns).

kuniqs the Peltast (Formicid Fighter)              Turns: 29231, Time: 01:14:56

Health: -15/172    AC: 22    Str: 31    XL:     19   Next: 43%
Magic:  37/37      EV: 20    Int:  4    God:    Okawaru [******]
Gold:   2181       SH: 23    Dex: 17    Spells: 15/18 levels left

rFire    + . .     SeeInvis +   w - +4 triple sword (vamp)
rCold    + . .     Gourm    .   L - +0 large shield
rNeg     . . .     Faith    .   a - +0 swamp dragon scales
rPois    +         Spirit   .   (helmet unavailable)
rElec    .         Reflect  .   b - +2 cloak
rCorr    .         Harm     .   o - +1 pair of gloves
MR       ++...     Clarity  +   J - +2 pair of boots of the Assassin {Detection Stab+ Stlth++}
Stlth    +++.......             n - amulet of Vitality {Regen+ HP+15}
Regen    0.8/turn               G - ring "Saugitwi" {rC+ MP+9 Str+4 Int-4}
MPRegen  0.3/turn               N - ring of the Real Monster {rF+ MR+ Str+3 Slay+3}

@: no status effects
A: permanent stasis, dig shafts and tunnels, four strong arms, antennae 3, thin
skeletal structure 1, clarity
}: 1/15 runes: gossamer
a: Dig, Shaft Self, Heroism, Finesse, Renounce Religion


You were on level 4 of the Swamp.
You worshipped Okawaru.
Okawaru was exalted by your worship.
You were hungry.

You visited 6 branches of the dungeon, and saw 32 of its levels.
You also visited: Labyrinth and Ice Cave.

You collected 2830 gold pieces.
You spent 649 gold pieces at shops.

Inventory:

Hand Weapons
 w - a +4 vampiric triple sword (weapon)
 D - a +2 whip of draining
Missiles
 E - 5 throwing nets (quivered)
Armour
 a - +0 swamp dragon scales (worn)
 b - a +2 cloak (worn)
 o - a +1 pair of gloves (worn)
 x - a scarf of resistance
 y - a +10 plate armour of ponderousness
 z - a +1 shield of protection
 J - the +2 pair of boots of the Assassin (worn) {Detection Stab+ Stlth++}
   (You acquired it on level 3 of the Swamp)

   It makes you much more stealthy.
 L - a +0 large shield (worn)
Jewellery
 n - the amulet of Vitality (around neck) {Regen+ HP+15}
   (You found it in a labyrinth)

   [amulet of regeneration]

   It affects your health (+15).
   It increases your rate of regeneration.
 G - the ring "Saugitwi" (left hand) {rC+ MP+9 Str+4 Int-4}
   (You found it in an ice cave)

   [ring of magical power]

   It affects your strength (+4).
   It affects your intelligence (-4).
   It protects you from cold.
   It affects your magic capacity (+9).
 H - the ring "Xidoes" {rF+ SInv}
   (You found it on level 10 of the Dungeon)

   [ring of see invisible]

   It protects you from fire.
   It lets you see invisible.
 N - the ring of the Real Monster (right hand) {rF+ MR+ Str+3 Slay+3}
   (You bought it in a shop on level 6 of the Dungeon)

   [ring of protection from magic]

   It affects your strength (+3).
   It affects your accuracy and damage with ranged weapons and melee attacks
   (+3).
   It protects you from fire.
   It affects your resistance to hostile enchantments.
Wands
 c - a wand of iceblast (9/15)
 t - a wand of enslavement (23/24)
 A - a wand of lightning (7/15)
Scrolls
 j - 11 scrolls of remove curse {@r2}
 s - 4 scrolls of fog
 v - 2 scrolls of magic mapping
 I - 4 scrolls of identify {@r1}
 M - 2 scrolls of torment
 O - 3 scrolls of recharging
 P - a scroll of holy word
 Q - 2 scrolls of enchant armour
 S - a scroll of fear
Potions
 h - 6 potions of flight
 i - 10 potions of curing {@q1}
 k - 2 potions of mutation
 l - 5 potions of ambrosia
 m - a potion of invisibility
 u - 8 potions of might
 C - a potion of resistance
 F - a potion of cancellation
 K - 2 potions of agility
Miscellaneous
 r - a sack of spiders
 B - 2 boxes of beasts
Comestibles
 d - 15 bread rations
 e - 12 meat rations
 f - 19 fruits
 g - 5 royal jellies
 p - a chunk of flesh


   Skills:
 + Level 15.8 Fighting
 + Level 14.6 Long Blades
 + Level 15.6 Armour
 + Level 12.2 Dodging
 + Level 17.1 Shields
 - Level 12.0 Invocations


You had 15 spell levels left.
You knew the following spells:

 Your Spells              Type           Power        Failure   Level  Hunger
a - Spectral Weapon       Hex/Chrm       #.......     99%         3    ####...


Dungeon Overview and Level Annotations

Branches:
Dungeon (15/15)            Temple (1/1) D:5            Lair (6/6) D:9
  Swamp (4/4) Lair:2       Spider (4/4) Lair:2        Slime (0/5) Lair:6
    Orc (2/2) D:12            Elf (0/3) Orc:2
 Vaults: D:13-14     Depths: D:15

Altars:
Ashenzari
Cheibriados
Dithmenos
Elyvilon
Fedhas
Gozag
Hepliaklqana
Kikubaaqudgha
Makhleb
Nemelex Xobeh
Okawaru
Qazlal
Ru
Sif Muna
Trog
Uskayaw
Vehumet
Wu Jian
Xom
Yredelemnul
Zin
The Shining One
Beogh
Jiyva

Shops:
D:5 !   D:6 ?*   D:12 ?   Orc:2 [?%*(


Innate Abilities, Weirdness & Mutations

You cannot be hasted, slowed, berserked, paralysed or teleported.
You can dig through walls and to a lower floor.
Your four strong arms can wield two-handed weapons with a shield.
You have a pair of large antennae on your head. (SInv)
You have a somewhat thin skeletal structure. (Dex +2, Stealth)
You possess an exceptional clarity of mind.


Message History

The thorn hunter hits you!
* * * LOW HITPOINT WARNING * * *
You block the thorn hunter's attack.
You feel much better.
The thorn hunter fires a volley of thorns at you.
The volley of thorns hits you! You block the thorn hunter's attack.
The thorn hunter closely misses you. You block the thorn hunter's attack.
The thorn hunter hits you!
* * * LOW HITPOINT WARNING * * *
You hit the thorn hunter but do no damage.
The thorn hunter fires a volley of thorns at you.
The volley of thorns hits you!
* * * LOW HITPOINT WARNING * * *
The thorn hunter misses you.
You riposte.
You cut the thorn hunter into ribbons!!!
You destroy the thorn hunter!
Okawaru accepts your kill.
The thorn hunter fires a volley of thorns at you.
The volley of thorns hits you!
You die...

.♣♣≈.§♣♣≈≈♣♣♣♣♣ ≈.≈≈
♣♣...♣♣♣♣♣♣♣♣≈♣♣.≈≈≈≈≈≈≈
♣♣♣≈♣♣≈♣♣.PP♣≈.P.≈≈≈≈≈≈≈≈
♣♣♣♣≈≈≈.PPP♣♣P.≈≈≈≈§≈≈≈
♣♣ ♣.P.♣PP.♣..♣♣♣.≈§≈§.
.♣♣♣♣♣♣♣♣♣♣P..≈..♣≈.≈≈≈≈≈
≈♣♣..≈♣♣♣♣PP.≈≈≈.♣..≈≈≈≈≈
♣♣♣.≈.≈.[≈PP.≈≈≈§†..≈≈≈≈≈
♣ ♣♣♣)≈§≈.♣♣♣♣.≈@f≈..≈≈≈≈
♣ ♣♣)≈≈.♣♣ ♣≈..≈≈≈.§≈≈. ♣
♣♣.≈≈§♣ ♣♣§≈≈≈≈≈≈≈..
♣≈..♣♣♣P..≈≈≈≈≈≈≈.≈
♣♣♣♣♣♣≈♣♣ ♣♣≈♣♣♣♣♣≈≈≈≈.
♣♣♣≈≈..≈≈♣ ♣♣ ♣♣♣.≈
.≈≈≈≈≈≈≈♣♣ . ≈≈≈≈≈≈≈♣♣
≈≈≈≈≈≈♣♣


You could see a thorn hunter.

Vanquished Creatures
  Bai Suzhen (Swamp:3)
  Nikola (Swamp:3)
  Jorgrun (Swamp:2)
  Arachne (Spider:2)
  Frances (Spider:2)
  5 thorn hunters
  Agnes (Spider:1)
  The ghost of Alarkh the Severer, an adept DsSk of Okawaru (Spider:3)
  The ghost of Zebura the Bludgeoner, an adept VSBe of Trog (Spider:4)
  The ghost of vuev the Executioner, a journeyman MiBe of Trog (Orc:1)
  6 ghost moths
  A frost giant (IceCv)
  3 emperor scorpions (Spider:4)
  A very ugly thing (Swamp:3)
  The ghost of Lifeless the Cleaver, a journeyman DsAK of Lugonu (Spider:1)
  2 entropy weavers (Spider:2)
  3 spark wasps (Spider:4)
  A minotaur (Lab)
  Josephine (Lair:5)
  The ghost of dxctxrx the Cruncher, a journeyman DsGl of Uskayaw (D:10)
  4 two-headed ogres
  13 hydras
  4 catoblepae (Lair:6)
  7 alligators
  A centaur warrior (D:14)
  8 dancing weapons
  5 orc high priests (Orc:2)
  15 death yaks
  A spriggan druid (Swamp:3)
  An unseen horror (D:10)
  2 swamp dragons (Swamp:3)
  A shambling mangrove (Swamp:1)
  8 orb spiders
  8 orc knights
  8 ugly things
  27 wolf spiders
  A cyclops (D:11)
  4 orc sorcerers
  A deep elf mage (D:14)
  A moth of wrath (Spider:3)
  4 manticores
  2 centaur zombies
  An ice statue (IceCv)
  14 elephants
  2 black mambas
  4 torpor snails
  4 gargoyles
  15 spiny frogs
  11 komodo dragons
  A centaur skeleton (D:12)
  21 demonic crawlers
  2 minotaur zombies (Lab)
  14 polar bears
  24 jumping spiders
  7 trolls
  11 hornets
  6 bog bodies
  13 tyrant leeches
  11 slime creatures
  18 blink frogs
  12 hippogriffs
  79 redbacks
  3 spriggans
  6 wraiths
  2 wyverns
  33 tarantellas
  A basilisk (D:10)
  77 yaks
  2 hungry ghosts
  14 vampire mosquitoes
  2 wargs
  3 insubstantial wisps (Swamp:4)
  12 water moccasins
  10 swamp worms
  8 swamp drakes
  5 porcupines
  40 orc warriors
  4 ice beasts
  3 phantoms
  4 sky beasts
  13 ogres
  2 black bears
  A necrophage (D:6)
  36 wolves
  13 centaurs
  16 crocodiles
  A big kobold (D:12)
  A wyvern zombie (D:12)
  16 bullfrogs
  A gnoll sergeant (D:8)
  A water moccasin zombie (D:6)
  6 scorpions
  A wyvern skeleton (D:7)
  12 wights
  An electric eel (Spider:3)
  8 crimson imps
  A howler monkey (D:9)
  A quasit (D:10)
  2 jellies
  5 bullfrog zombies
  8 hounds
  A gnoll shaman (D:5)
  35 orc priests
  11 orc wizards
  A bullfrog skeleton (D:7)
  5 iguanas
  6 worker ants
  3 hound skeletons
  11 gnolls
  9 adders
  3 shadow imps
  An ooze (D:5)
  An adder zombie (D:7)
  An adder skeleton (D:4)
  3 worms (D:2)
  2 dart slugs (D:5)
  4 leopard geckos
  75 orcs
  5 bats
  A bat zombie (D:6)
  4 giant cockroaches
  6 goblins
  6 hobgoblins
  3 jackals (D:6)
  10 kobolds
  7 quokkas
  A ball python (D:1)
  5 frilled lizards
  2 jackal zombies (D:5)
  A leopard gecko zombie (D:7)
  A quokka skeleton (D:5)
  4 rats
  A rat zombie (D:6)
1034 creatures vanquished.

Vanquished Creatures (others)
  A cyclops (D:14)
  A spiny frog (Swamp:3)
  A yak (IceCv)
  5 centaurs
  2 orcs (Orc:2)
  6 fungi
  11 plants
27 creatures vanquished.

Grand Total: 1061 creatures vanquished

Notes
Turn   | Place    | Note
-------+----------+-------------------------------------------
     0 | D:1      | kuniqs the Formicid Fighter began the quest for the Orb.
     0 | D:1      | Reached XP level 1. HP: 18/18 MP: 1/1
   430 | D:1      | Reached XP level 2. HP: 24/24 MP: 2/2
  1074 | D:2      | Reached skill level 4 in Shields
  1352 | D:2      | Reached XP level 3. HP: 29/29 MP: 3/3
  2363 | D:3      | Reached XP level 4. HP: 32/35 MP: 4/4
  2404 | D:3      | Found a hazy altar of Hepliaklqana.
  2501 | D:3      | Found a sparkling altar of Nemelex Xobeh.
  2618 | D:4      | Noticed an ogre
  3133 | D:4      | Noticed an ogre
  3142 | D:4      | Killed an ogre
  3142 | D:4      | Reached XP level 5. HP: 8/42 MP: 5/5
  3392 | D:4      | Found a stormy altar of Qazlal.
  3478 | D:4      | Found an ornate altar of the Wu Jian Council.
  3843 | D:5      | Entered Level 5 of the Dungeon
  3859 | D:5      | Reached skill level 5 in Shields
  3859 | D:5      | Reached XP level 6. HP: 18/48 MP: 6/6
  4225 | D:5      | Reached skill level 5 in Armour
  4236 | D:5      | Reached XP level 7. HP: 39/55 MP: 7/7
  4705 | D:5      | Reached skill level 5 in Fighting
  4705 | D:5      | Reached skill level 6 in Shields
  5016 | D:5      | Found Ritsik's Distillery.
  5024 | D:5      | Bought a potion of degeneration for 13 gold pieces
  5264 | D:5      | Found a staircase to the Ecumenical Temple.
  5294 | Temple   | Entered the Ecumenical Temple
  5579 | D:6      | Found a blossoming altar of Fedhas.
  5590 | D:6      | Noticed a water moccasin
  5614 | D:6      | Killed a water moccasin
  5614 | D:6      | Reached XP level 8. HP: 6/62 MP: 8/8
  5622 | D:6      | HP: 3/62 [poisoned by a water moccasin]
  5629 | D:6      | HP: 3/62 [poisoned by a water moccasin]
  5637 | D:6      | HP: 2/62 [poisoned by a water moccasin]
  5976 | D:6      | Found Siec's Magic Scroll Boutique.
  5977 | D:6      | Found Pmilom's Practical Paraphernalia.
  6049 | D:6      | Reached skill level 5 in Long Blades
  6049 | D:6      | Reached skill level 7 in Shields
  6157 | D:6      | Found an ancient bone altar of Kikubaaqudgha.
  6318 | D:6      | Found a bloodstained altar of Trog.
  6533 | D:7      | Reached XP level 9. HP: 63/69 MP: 9/9
  6735 | D:7      | Reached skill level 8 in Shields
  6815 | D:7      | Gained mutation: You have a somewhat thin skeletal structure. (Dex +2, Stealth) [potion of mutation]
  6815 | D:7      | Gained mutation: You possess an exceptional clarity of mind. [potion of mutation]
  7019 | D:7      | Reached skill level 1 in Dodging
  7238 | D:8      | Found an iron altar of Okawaru.
  7245 | D:8      | Became a worshipper of Warmaster Okawaru
  7439 | D:8      | Reached skill level 1 in Invocations
  7511 | D:8      | Reached * piety under Okawaru
  7532 | D:8      | Noticed a two-headed ogre
  7556 | D:8      | Noticed a two-headed ogre
  7825 | D:8      | Killed a two-headed ogre
  7825 | D:8      | Reached ** piety under Okawaru
  7825 | D:8      | Reached skill level 9 in Shields
  7825 | D:8      | Reached XP level 10. HP: 68/80 MP: 9/12
  7844 | D:8      | Found a hide-covered altar of Uskayaw.
  7929 | D:8      | Killed a two-headed ogre
  7929 | D:8      | Reached *** piety under Okawaru
  8321 | D:9      | Found a staircase to the Lair.
  8322 | D:9      | Noticed a komodo dragon
  8375 | D:9      | Killed a komodo dragon
  8460 | D:9      | Found a glowing silver altar of Zin.
  8460 | D:9      | Noticed an angel
  8461 | D:9      | Found a shimmering altar of Xom.
  8512 | D:9      | Reached **** piety under Okawaru
  8512 | D:9      | Reached XP level 11. HP: 85/87 MP: 14/14
  8606 | D:10     | Entered Level 10 of the Dungeon
  8606 | D:10     | Noticed dxctxrx's ghost (journeyman DsGl)
  8635 | D:10     | Killed dxctxrx's ghost
  8635 | D:10     | Reached skill level 5 in Invocations
  8971 | D:10     | Reached skill level 10 in Shields
  8987 | D:10     | Got a twitching steel ring
  8989 | D:10     | Identified the ring "Xidoes" {rF+ SInv} (You found it on level 10 of the Dungeon)
  9011 | D:10     | Noticed an unseen horror
  9015 | D:10     | Killed an unseen horror
  9036 | D:10     | Noticed a two-headed ogre
  9051 | D:10     | Killed a two-headed ogre
  9051 | D:10     | Reached ***** piety under Okawaru
  9116 | D:10     | Received a gift from Okawaru
 10033 | D:12     | Reached skill level 5 in Dodging
 10079 | D:13     | Noticed a salamander
 10136 | D:11     | Reached XP level 12. HP: 92/95 MP: 16/16
 10167 | D:12     | Noticed a seven-headed hydra
 10299 | D:11     | Reached skill level 10 in Armour
 10543 | D:14     | Received a gift from Okawaru
 10646 | D:14     | Reached skill level 10 in Fighting
 10655 | D:14     | Reached skill level 11 in Shields
 10733 | D:14     | Noticed a two-headed ogre
 10746 | D:14     | Killed a two-headed ogre
 10746 | D:14     | Received a gift from Okawaru
 10782 | D:14     | Noticed a centaur warrior
 10792 | D:14     | Killed a centaur warrior
 10829 | D:14     | Reached XP level 13. HP: 90/104 MP: 19/19
 10963 | D:15     | Entered Level 15 of the Dungeon
 11201 | D:6      | Bought the ring of the Real Monster {rF+ MR+ Str+3 Slay+3} for 636 gold pieces
 11667 | D:12     | Found a glowing silver altar of Zin.
 11820 | D:12     | Got a pitted ring mail
 11821 | D:12     | Identified the +2 ring mail of Chill Winds {rN+} (You found it on level 12 of the Dungeon)
 11835 | D:12     | Found Nogho's Magic Scroll Shop.
 11893 | D:12     | Found a staircase to the Orcish Mines.
 11949 | D:12     | Killed a seven-headed hydra
 12002 | D:12     | Reached ****** piety under Okawaru
 12049 | D:12     | Reached skill level 10 in Long Blades
 12303 | Orc:1    | Entered Level 1 of the Orcish Mines
 12492 | Orc:2    | Entered Level 2 of the Orcish Mines
 12492 | Orc:2    | Found a staircase to the Elven Halls.
 13319 | Orc:1    | Noticed vuev's ghost (journeyman MiBe)
 13482 | Orc:1    | Received a gift from Okawaru
 13663 | Orc:1    | Killed vuev's ghost
 13663 | Orc:1    | Reached skill level 12 in Shields
 14269 | Orc:2    | Found a roughly hewn altar of Beogh.
 14448 | Orc:2    | Reached XP level 14. HP: 101/113 MP: 21/21
 15104 | Orc:2    | Reached skill level 10 in Invocations
 15499 | Orc:2    | Found Hafyopn's Weapon Shoppe.
 15499 | Orc:2    | Found Uptith's Magic Scroll Shoppe.
 15500 | Orc:2    | Found Dimur's Assorted Antiques.
 15500 | Orc:2    | Found Vadoej's Food Shoppe.
 15624 | Orc:2    | Found Qioshresh's Antique Armour Emporium.
 16040 | Lair:1   | Entered Level 1 of the Lair of Beasts
 16118 | Lair:1   | Received a gift from Okawaru
 17124 | Lair:2   | Found a staircase to the Swamp.
 17264 | Lair:2   | Got a scorched chain mail
 17275 | Lair:2   | Identified the +1 chain mail of the Nine of Cups {Dex+4} (You found it on level 2 of the Lair of Beasts)
 17595 | Lair:2   | Found a hole to the Spider Nest.
 17940 | Lair:2   | Reached skill level 13 in Shields
 18323 | Lair:3   | Received a gift from Okawaru
 18396 | Lair:3   | Reached XP level 15. HP: 120/120 MP: 23/23
 18997 | Lair:4   | Found a basalt altar of Yredelemnul.
 19152 | Lair:4   | Received a gift from Okawaru
 19201 | Lair:4   | WOW
 19567 | Lair:5   | Noticed Nessos
 19568 | Lair:5   | Noticed Nessos
 19568 | Lair:5   | Nessos changed into Nessos the manticore
 19574 | Lair:5   | Killed Nessos the manticore
 19736 | Lair:5   | Found a frozen archway.
 19745 | IceCv    | Entered an ice cave
 19791 | IceCv    | Received a gift from Okawaru
 19983 | IceCv    | Got a slimy lapis lazuli ring
 19990 | IceCv    | Identified the ring "Saugitwi" {rC+ MP+9 Str+4 Int-4} (You found it in an ice cave)
 20139 | IceCv    | Noticed a frost giant
 20153 | IceCv    | Killed a frost giant
 20575 | Lair:5   | Noticed Josephine
 20590 | Lair:5   | Killed Josephine
 20661 | Lair:5   | Reached skill level 14 in Shields
 21044 | Lair:6   | Entered Level 6 of the Lair of Beasts
 21044 | Lair:6   | Found a viscous altar of Jiyva.
 21044 | Lair:6   | Found a staircase to the Slime Pits.
 21101 | Lair:6   | Reached XP level 16. HP: 129/129 MP: 24/24
 21165 | Lair:6   | Found a labyrinth entrance.
 21188 | Lab      | Entered a labyrinth
 21288 | Lab      | Received a gift from Okawaru
 21298 | Lab      | Identified User's Grimoire of Hexes and the Traveller
 21322 | Lab      | Learned a level 3 spell: Spectral Weapon
 21548 | Lair:6   | Identified a scroll of acquirement
 21551 | Lair:6   | Got a smoking cloak
 21562 | Lair:6   | Identified the +1 cloak of Circular Logic {+Blink rC+ Str-3} (You acquired it on level 6 of the Lair of Beasts)
 21721 | Lair:6   | Received a gift from Okawaru
 21738 | Lair:6   | Reached skill level 10 in Dodging
 21825 | Lair:6   | Got a wavering copper ring
 21832 | Lair:6   | Identified the ring of Zaggoxko {Wiz Str+3 Int+3} (You found it on level 6 of the Lair of Beasts)
 22540 | Spider:1 | Entered Level 1 of the Spider Nest
 22540 | Spider:1 | Noticed Lifeless's ghost (journeyman DsAK)
 22596 | Spider:1 | Killed Lifeless's ghost
 22644 | Spider:1 | Found a runed door.
 22669 | Spider:1 | Noticed Agnes
 22690 | Spider:1 | Killed Agnes
 23042 | Spider:1 | Received a gift from Okawaru
 23042 | Spider:1 | Reached skill level 15 in Shields
 23120 | Spider:1 | Reached XP level 17. HP: 138/138 MP: 26/26
 23248 | Spider:2 | Noticed Frances
 23262 | Spider:2 | Killed Frances
 23493 | Spider:2 | Received a gift from Okawaru
 23608 | Spider:2 | Noticed Arachne
 23638 | Spider:2 | Killed Arachne
 23803 | Spider:2 | Received a gift from Okawaru
 24331 | Spider:3 | Noticed Alarkh's ghost (adept DsSk)
 24414 | Spider:3 | Killed Alarkh's ghost
 24451 | Spider:4 | Entered Level 4 of the Spider Nest
 25544 | Spider:4 | Reached XP level 18. HP: 110/147 MP: 27/27
 25557 | Spider:4 | Received a gift from Okawaru
 25652 | Spider:4 | Reached skill level 16 in Shields
 25727 | Spider:4 | Got a gossamer rune of Zot
 25993 | Spider:4 | Received a gift from Okawaru
 26151 | Spider:4 | Reached skill level 15 in Fighting
 26159 | Spider:4 | Reached skill level 15 in Armour
 26213 | Spider:4 | Noticed Zebura's ghost (adept VSBe)
 26242 | Spider:4 | Killed Zebura's ghost
 26606 | Swamp:1  | Entered Level 1 of the Swamp
 27356 | Swamp:2  | Received a gift from Okawaru
 27566 | Swamp:2  | Noticed Jorgrun
 27587 | Swamp:2  | Killed Jorgrun
 27842 | Swamp:2  | Identified the +1 chain mail "Ralarohu" {+Fly rC+ Str+3 Dex-3} (You found it on level 2 of the Swamp)
 28041 | Swamp:4  | Entered Level 4 of the Swamp
 28081 | Swamp:3  | Noticed Nikola
 28101 | Swamp:3  | Killed Nikola
 28147 | Swamp:3  | Reached XP level 19. HP: 106/155 MP: 28/28
 28502 | Swamp:3  | Found a white marble altar of Elyvilon.
 28815 | Swamp:3  | Noticed Bai Suzhen
 28835 | Swamp:3  | Killed Bai Suzhen
 29087 | Swamp:4  | Reached skill level 17 in Shields
 29177 | Swamp:4  | Received a gift from Okawaru
 29180 | Swamp:4  | Identified the +0 robe of Baheutox {Dex+3} (Okawaru gifted it to you on level 4 of the Swamp)
 29231 | Swamp:4  | Killed from afar by a thorn hunter

Vault maps used:
D:1:      onia_arrival_mini_spirals, minmay_misc_feat_chi
D:3:      lemuel_coloured_pillars_altar, marbit_many_paths, serial_forest,
          infiniplex_forest_clump_diagonal, infiniplex_forest_diagonal,
          infiniplex_forest_zigzag_1, infiniplex_forest_diagonal,
          infiniplex_forest_zigzag_1, infiniplex_forest_lined_2,
          infiniplex_forest_lined_corner, infiniplex_forest_lined_room_3,
          kennysheep_flooded_box, minmay_stone_trees_medium
D:4:      kennysheep_mini_moat, nicolae_qazlal_eye_of_the_storm
D:5:      temple_statues, first_bread, serial_shops, nicolae_shop_statue_plus,
          fountainhead
D:6:      lemuel_zombie_altar_kikubaaqudgha, lemuel_round_altar, serial_shops,
          shop, nicolae_alphabet_shops, trog_hazing_becter
D:7:      kennysheep_generic_room_7
D:8:      nicolae_overflow_crystal_walls, okawaru_trees_1
D:9:      grunt_temple_overflow_order_and_chaos_1, david_lair_shrubbed
D:12:     basic_altar, serial_shops, shop
D:13:     serial_shops, kennysheep_little_box, hangedman_little_slice_of_home
D:14:     hangedman_vaults_entry_quadrant_bands, xom_redecorated
D:15:     gammafunk_depths_entry_grave, fedhas_altar_1
Temple:   cyrus_circular_temple
Lair:1:   serial_forest, infiniplex_forest_lined_3, infiniplex_forest_lined_2,
          infiniplex_forest_clump_small, infiniplex_forest_zigzag_1,
          infiniplex_forest_end_1, infiniplex_forest_straight_3,
          infiniplex_forest_clump_large, infiniplex_forest_straight_1,
          infiniplex_forest_lined_room_2
Lair:2:   minmay_swamp_entry_worms, nicolae_spider_entry_tight_spaces,
          grunt_forest_large_clearing_hut, serial_bayou_shore_a
Lair:3:   grunt_megastairs_5
Lair:4:   basic_altar
Lair:5:   portal_ice_cave_entry_pillars_1, uniq_josephine, uniq_nessos
Lair:6:   evilmike_catoblepas_cave, slime_altar_1, lab_entry_generic,
          grunt_megastairs_4, serial_bayou_shore_b
Swamp:1:  evilmike_swamp_ruin_rubble_1
Swamp:2:  evilmike_swamp_ruin_house_5, swamp_pool4, nicolae_swamp_treefoil,
          infiniplex_staircase_pool, uniq_jorgrun
Swamp:3:  nicolae_swamp_godswood, uniq_bai_suzhen, uniq_nikola
Swamp:4:  swamp_basic_johnstein
Spider:1: cheibrodos_spider_deadly_dance, uniq_agnes
Spider:2: spider_trap, uniq_frances, uniq_arachne
Spider:4: grunt_spider_rune_island, spider_trap
Orc:2:    st_orc_pillars, serial_shops, nicolae_shop_trees, mines1_david
Lab:      labyrinth_hidden_loot, nicolae_lab_starburst, labyrinth_glass_1,
          lab_fountain, nicolae_lab_garden, labyrinth_skeletal_remains,
          nicolae_lab_statue
IceCv:    ice_cave_caverns_02

Skill      XL: |  1  2  3  4  5  6  7  8  9 10 11 12 13 14 15 16 17 18 19 |
---------------+----------------------------------------------------------+-----
Shields        | 4 5 6 7 9 10 11 12 13 14 15 16 17 | 17.1
Armour         | 4 5 6 8 9 10 11 12 13 14 15 | 15.6
Long Blades    | 3 4 5 6 7 8 9 10 11 12 13 14 | 14.6
Fighting       | 4 5 6 7 8 9 10 11 12 13 14 15 | 15.8
Dodging        | 2 3 5 6 7 8 9 10 11 12 | 12.2
Invocations    | 2 4 6 8 9 10 11 12 | 12.0

Action                   |  1- 3 |  4- 6 |  7- 9 | 10-12 | 13-15 | 16-18 | 19-21 || total
-------------------------+-------+-------+-------+-------+-------+-------+-------++-------
Melee: Long sword        |   109 |   105 |   151 |       |       |       |       ||   365
       Whip              |       |       |   372 |    13 |    61 |       |       ||   446
       Great sword       |       |       |    10 |   445 |   975 |       |       ||  1430
       Triple sword      |       |       |       |       |   403 |  1424 |   192 ||  2019
Invok: Heroism           |       |       |     1 |     2 |     2 |     1 |     2 ||     8
 Abil: Dig               |       |     2 |     6 |     3 |    24 |    19 |       ||    54
Evoke: Wand              |       |       |       |       |     1 |     4 |       ||     5
  Use: Potion            |       |     1 |     3 |     1 |     4 |     5 |     1 ||    15
       Scroll            |       |       |    14 |     6 |     9 |     8 |     2 ||    39
 Stab: Petrified         |       |       |       |       |       |     6 |       ||     6
  Eat: Chunk             |     5 |     6 |    13 |    12 |    41 |    26 |     2 ||   105
       Fruit             |       |       |       |     2 |       |       |       ||     2
       Royal jelly       |       |       |       |     1 |     4 |     2 |     1 ||     8
Armor: Scale mail        |    40 |    33 |   104 |       |       |       |       ||   177
       Plate armour      |       |       |    25 |   345 |   697 |   931 |       ||  1998
       Swamp dragon scal |       |       |       |       |       |       |    93 ||    93
Dodge: Dodged            |    35 |    32 |   120 |   158 |   604 |   908 |   262 ||  2119
Block: Shield            |    61 |    54 |   355 |   485 |  1558 |    26 |       ||  2539
       Reflection        |       |       |    15 |    40 |    18 |       |       ||    73
       Large shield      |       |       |       |       |       |  2213 |   343 ||  2556
       Rpst.: Long sword |    13 |     9 |     8 |       |       |       |       ||    30
       Great sword       |       |       |       |    35 |    92 |       |       ||   127
       Triple sword      |       |       |       |       |    43 |   171 |    41 ||   255
